 Seeded DCSS version 0.30-a0-1043-g60ff8d5f49 (webtiles) character file.

Game seed: 10352460324943366261 (custom seed)

1402 GigaChad the Chopper (level 9, -1/68 HPs)
             Began as a Formicid Fighter on Apr 11, 2023.
             Slain by a wight
             ... wielding a +2 hand axe of freezing
              (2 damage)
             ... on level 6 of the Dungeon.
             The game lasted 00:08:39 (5013 turns).

GigaChad the Chopper (Formicid Fighter)             Turns: 5013, Time: 00:08:40

Health: -1/68      AC: 11    Str: 32    XL:     9   Next: 1%
Magic:  9/9        EV:  8    Int:  7    God:
Gold:   874        SH: 10    Dex: 13    Spells: 8/8 levels left

rFire   . . .      SeeInvis +    z - +0 executioner's axe of Ekoynk {pain, Contam rElec rN+++ Stlth-}
rCold   . . .      Faith    .    h - +0 kite shield
rNeg    + + +      Spirit   .    w - +0 chain mail
rPois   +          Reflect  .    (helmet unavailable)
rElec   +          Rampage  .    (no cloak)
rCorr   +                        (no gloves)
Will    .....                    s - +0 pair of boots of Gozag's Regard {rPois rCorr} Stlth
                                 (no amulet)
HPRegen 0.31/turn                e - +6 ring of strength
MPRegen 0.11/turn                (no ring)

@: no status effects
A: permanent stasis, dig shafts and tunnels, antennae 3, four strong arms
a: Dig, Shaft Self


You were on level 6 of the Dungeon.
You visited 1 branch of the dungeon, and saw 6 of its levels.

You collected 874 gold pieces.

Inventory:

Hand Weapons
 a - a +1 war axe
 z - the +0 executioner's axe of Ekoynk (weapon) {pain, Contam rElec rN+++ Stlth-}
   (You acquired it on level 5 of the Dungeon)

   rElec:     It insulates you from electricity.
   rN:        It renders you almost immune to negative energy.
   Contam:    It causes magical contamination when unequipped.
   Stlth:     It makes you less stealthy.
Missiles
 q - 2 throwing nets
Armour
 b - a +0 scale mail
 c - a +0 buckler
 h - a +0 kite shield (worn)
 s - the +0 pair of boots of Gozag's Regard (worn) {rPois rCorr}
   (You acquired it on level 3 of the Dungeon)

   rPois:     It protects you from poison.
   rCorr:     It protects you from acid and corrosion.
 w - a +0 chain mail (worn)
Jewellery
 e - a +6 ring of strength (left hand)
 o - a ring of magical power
 v - a ring of magical power
 D - a ring of positive energy
 H - a ring of flight
Wands
 x - a wand of paralysis (9)
 y - a wand of mindburst (21)
 G - a wand of flame (14)
Scrolls
 f - a scroll of fear {unknown}
 g - a scroll of butterflies {unknown}
 j - a scroll of fog
 t - a scroll of silence {unknown}
 u - a scroll of blinking
 A - a scroll of poison {unknown}
 B - a scroll of noise {unknown}
 C - a scroll of teleportation {unknown}
 E - 2 scrolls of immolation {unknown}
 F - 2 scrolls of amnesia {unknown}
Potions
 d - a potion of might
 i - a potion of flight
 k - a potion of attraction {unknown}
 l - a potion of degeneration
 m - a potion of curing
 n - a potion of brilliance
 p - 6 potions of lignification
 r - 2 potions of ambrosia


   Skills:
 * Level 5.4 Fighting
 + Level 7.4 Axes
 * Level 5.8 Armour
 * Level 7.2 Shields


You had 8 spell levels left.
You didn't know any spells.
Your spell library contained the following spells:

 Spells                   Type           Power      Damage    Failure   Level
 Apportation              Tloc           0%         N/A       98%         1
 Kiss of Death            Conj/Necr      0%         2d5       98%         1
 Magic Dart               Conj           0%         1d3       98%         1
 Necrotise                Necr           0%         1d4       98%         1
 Slow                     Hex            0%         N/A       98%         1
 Summon Small Mammal      Summ           0%         N/A       98%         1
 Cigotuvi's Dreadful Rot  Necr/Pois/Air  0%         N/A       99%         2
 Searing Ray              Conj           0%         2d4       99%         2
 Confusing Touch          Hex            0%         N/A       100%        3
 Hailstorm                Conj/Ice       0%         3d3       100%        3
 Ignite Poison            Fire/Tmut/Pois 0%         N/A       100%        3
 Vampiric Draining        Necr           0%         2d6       100%        3
 Dispel Undead            Necr           0%         3d6       100%        4
 Fulminant Prism          Conj/Hex       0%         3d5       100%        4
 Ice Form                 Ice/Tmut       0%         N/A       100%        4
 Manifold Assault         Tloc           0%         N/A       100%        4
 Freezing Cloud           Conj/Ice/Air   0%         6-21      100%        5
 Simulacrum               Ice/Necr       0%         N/A       100%        6
 Storm Form               Tmut/Air       0%         N/A       100%        7
 Blink                    Tloc           Unusable   N/A       N/A         2

Dungeon Overview and Level Annotations

Branches:
Dungeon (6/15)             Temple (0/1) D:5

Altars:
Dithmenos
Kikubaaqudgha
The Shining One

Shops:
D:1 [

Annotations:
D:2 1 runed translucent door, Crazy Yiuf, Jessica


Innate Abilities, Weirdness & Mutations

You cannot be hasted, slowed, berserked, paralysed or teleported.
You can dig through walls and to a lower floor.
You have a pair of large antennae on your head. (SInv)
Your four strong arms can wield two-handed weapons with a shield.


Message History

You slice the wight!!
You destroy the wight!
You slice the wight!!
You destroy the wight!
The wight barely misses you.
You have reached level 9!
Your experience leads to an increase in your attributes!
Your base attributes are Str 24, Int 7, Dex 13.
Increase (S)trength, (I)ntelligence, or (D)exterity?
You feel stronger. x2
You hit the wight.
The wight is lightly damaged.
You block the wight's attack.
A wight comes into view. It is wielding a +4 battleaxe.
You completely miss the wight.
The wight is lightly damaged.
The wight hits you with a +2 hand axe of freezing.
The wight freezes you.
The wight hits you with a +2 hand axe of freezing.
The wight freezes you.
* * * LOW HITPOINT WARNING * * *
You closely miss the wight.
The wight is lightly damaged.
The wight hits you with a +2 hand axe of freezing.
* * * LOW HITPOINT WARNING * * *
The wight freezes you.
* * * LOW HITPOINT WARNING * * *
The wight hits you with a +2 hand axe of freezing.
* * * LOW HITPOINT WARNING * * *
The wight freezes you.
* * * LOW HITPOINT WARNING * * *
You barely miss the wight.
The wight is lightly damaged.
The wight hits you but does no damage.
You barely miss the wight.
The wight is lightly damaged.
The wight hits you with a +2 hand axe of freezing!
* * * LOW HITPOINT WARNING * * *
The wight freezes you.
You die...

. #.# #.# #.#.#
#.# .#.# #.#
... #.# #.# #.#
#.###.#######.#
#?............#
#####.#########
#@# #z# .z#
####


You could see 2 wights.

Vanquished Creatures
  A black bear (D:4)
  3 ogres
  A centaur (D:5)
  Blork the orc (D:4)
  A bullfrog (D:3)
  A scorpion (D:6)
  3 wights (D:6)
  A howler monkey (D:4)
  A quasit (D:5)
  2 orc priests
  A hound (D:3)
  A sleepcap (D:4)
  4 iguanas
  4 orc wizards
  4 gnolls
  9 adders
  A white imp (D:5)
  A worm (D:2)
  2 dart slugs
  13 orcs
  10 ball pythons
  11 endoplasms
  3 giant cockroaches (D:3)
  2 hobgoblins
  9 jackals
  4 quokkas
  5 bats
  3 frilled lizards (D:1)
  5 goblins
  2 hobgoblin zombies (D:5)
  7 kobolds
  A kobold skeleton (D:5)
  A kobold zombie (D:5)
  3 rats
121 creatures vanquished.

Vanquished Creatures (others)
  7 plants (D:1)
7 creatures vanquished.

Grand Total: 128 creatures vanquished

Notes
Turn   | Place    | Note
-------+----------+-------------------------------------------
     0 | D:1      | GigaChad the Formicid Fighter began the quest for the Orb.
     0 | D:1      | Reached XP level 1. HP: 18/18 MP: 1/1
    94 | D:1      | Reached XP level 2. HP: 12/24 MP: 2/2
   346 | D:1      | Found a faded altar of an unknown god.
   503 | D:1      | Reached XP level 3. HP: 29/29 MP: 3/3
   517 | D:1      | Found Huege's Antique Armour Shoppe.
   834 | D:2      | Reached XP level 4. HP: 18/37 MP: 4/4
  1425 | D:2      | Found a runed translucent door.
  1425 | D:2      | Noticed Jessica
  1426 | D:2      | Noticed Crazy Yiuf
  1500 | D:2      | Reached XP level 5. HP: 42/42 MP: 5/5
  1798 | D:3      | Reached skill level 5 in Shields
  1901 | D:3      | Reached XP level 6. HP: 47/48 MP: 6/6
  1983 | D:3      | Identified a scroll of acquirement
  1983 | D:3      | Acquired the +0 pair of boots of Gozag's Regard {rPois
                  | rCorr}
  2030 | D:3      | Noticed an ogre
  2033 | D:3      | Killed an ogre
  2588 | D:3      | Reached XP level 7. HP: 53/54 MP: 7/7
  2753 | D:4      | Reached skill level 5 in Axes
  3025 | D:4      | Noticed Blork the orc
  3035 | D:4      | Killed Blork the orc
  3548 | D:5      | Entered Level 5 of the Dungeon
  3635 | D:5      | Reached skill level 5 in Armour
  3635 | D:5      | Reached XP level 8. HP: 48/61 MP: 8/8
  3978 | D:5      | Found a glowing golden altar of the Shining One.
  4199 | D:5      | Reached skill level 5 in Fighting
  4230 | D:5      | Found a staircase to the Ecumenical Temple.
  4308 | D:5      | Acquired 549 gold pieces
  4310 | D:5      | Acquired the +0 executioner's axe of Ekoynk {pain, Contam
                  | rElec rN+++ Stlth-}
  4388 | D:6      | Found an ancient bone altar of Kikubaaqudgha.
  4474 | D:6      | Found a shadowy altar of Dithmenos.
  5009 | D:6      | Reached XP level 9. HP: 27/68 MP: 9/9
  5013 | D:6      | HP: 1/68 [wight/+2 hand axe of freezing (10)]
  5013 | D:6      | Slain by a wight

Illustrated notes

Levels and vault maps discovered:
D:1:      roderic_crop_circles_arrival_large, layout_basic,
          dreamdust_ecumenical_altar_grove, serial_shops, shop, st_stairs_6
D:2:      layout_loops_ring, uniq_crazy_yiuf_cottage, uniq_jessica
D:3:      layout_loops_corners
D:4:      layout_basic, kennysheep_minor_cross, chequers_serial_rivers_large_b,
          uniq_blork_the_orc
D:5:      layout_gridville, nicolae_tso_besieged_by_evil, temple_green,
          serial_park_tiny_1, chequers_serial_rivers_marsh
D:6:      layout_basic, mainiacjoe_overflow_24_doors,
          minmay_overflow_temple_star_hex, mainiacjoe_overflow_boulevard,
          ebering_ghost_sewer_f, dreamdust_princess_bridge

Skill      XL: |  1  2  3  4  5  6  7  8 |
---------------+-------------------------+-----
Axes           | 3 4 6 7 |  7.4
Armour         | 4 5 |  5.8
Shields        | 5 6 7 |  7.2
Fighting       | 4 5 |  5.4

Action                     |  1- 3 |  4- 6 |  7- 9 || total
---------------------------+-------+-------+-------++-------
  Melee: War axe           |    51 |   100 |    89 ||   240
         Executioner's axe |       |       |    37 ||    37
    Use: Scroll            |       |     8 |     4 ||    12
         Potion            |       |       |     1 ||     1
 Armour: Scale mail        |    13 |    47 |       ||    60
         Chain mail        |       |     2 |    57 ||    59
  Dodge: Dodged            |    19 |    57 |    45 ||   121
  Block: Buckler           |     1 |       |       ||     1
         Kite shield       |    14 |    78 |    90 ||   182

Table legend: (Time is in decaauts)
 A = Elapsed time spent in this place.
 B = Non-inter-level travel time spent in this place.
 C = Inter-level travel time spent in this place.
 D = Time resting spent in this place.
 E = Time spent auto-exploring this place.
 F = Levels seen in this place.
 G = Mean time per level.
                   A        B        C        D        E       F      G
               +--------+--------+--------+--------+--------+-----+--------+
         Total |   5161 |   5042 |    119 |    398 |   3609 |   6 |  860.2 |
       Dungeon |   5161 |   5042 |    119 |    398 |   3609 |   6 |  860.2 |
               +--------+--------+--------+--------+--------+-----+--------+

Top non-repeatable levels by time:
     D:3: 1038 daAuts
     D:2: 976 daAuts
     D:4: 851 daAuts
     D:5: 808 daAuts
     D:1: 791 daAuts
     D:6: 695 daAuts
